 Dungeon Crawl Stone Soup version 0.32-a0-314-g526f7d4993 (webtiles) character file.

Game seed: 9784800053306238624

1367 Monkooky the Trooper (level 8, 0/60 HPs)
             Began as a Mummy Fighter on Feb 15, 2024.
             Was a Believer of Hepliaklqana.
             Shot with a sling bullet by a centaur (6 damage)
             ... on level 5 of the Dungeon.
             The game lasted 00:08:00 (4494 turns).

Monkooky the Trooper (Mummy Fighter)                Turns: 4494, Time: 00:08:00

Health: 0/60       AC:  6    Str: 21    XL:     8   Next: 38%
Magic:  8/8        EV:  9    Int:  8    God:    Hepliaklqana [**....]
Gold:   378        SH:  4    Dex: 11    Spells: 7/7 levels left

rFire   x . .        a - +0 flail
rCold   + . .        c - +0 buckler
rNeg    + + +        b - +0 scale mail
rPois   ∞            (no helmet)
rElec   .            (no cloak)
rCorr   .            (no gloves)
SInv    .            (no boots)
Will    +....        (no amulet) Stlth
                     (no ring)
HPRegen 0.30/turn    (no ring)
MPRegen 0.11/turn

%: faith
@: no status effects
A: reduced essence, cold resistance 1, negative energy resistance 3, torment
resistance 2, heat vulnerability 1, in touch with death 1, no potions, faith
a: Renounce Religion, Recall Ancestor, Ancestor Identity


You were on level 5 of the Dungeon.
You worshipped Hepliaklqana.
Hepliaklqana was pleased with you.
You visited 2 branches of the dungeon, and saw 6 of its levels.

You collected 378 gold pieces.

Inventory:

Hand Weapons
 a - a +0 flail (weapon)
 j - a +0 scythe
Armour
 b - a +0 scale mail (worn)
 c - a +0 buckler (worn)
Jewellery
 l - a ring of flight
Wands
 g - a wand of flame (44)
Scrolls
 d - a scroll of blinking
 e - 2 scrolls of amnesia
 f - a scroll of enchant weapon
 h - 2 scrolls of fog
 i - a scroll of butterflies {unknown}
 m - 2 scrolls of teleportation {unknown}
 n - 2 scrolls of vulnerability {unknown}


   Skills:
 - Level 7.2 Fighting
 + Level 6.6 Maces & Flails
 - Level 2.4 Armour
 - Level 2.4 Shields
 - Level 1.0 Invocations


You had 7 spell levels left.
You didn't know any spells.
Your spell library contained the following spells:

 Spells                   Type           Power      Damage    Failure   Level
 Summon Small Mammal      Summ           0%         N/A       83%         1
 Call Canine Familiar     Summ           0%         N/A       99%         3
 Summon Blazeheart Golem  Fire/Summ      0%         N/A       100%        4


Dungeon Overview and Level Annotations

Branches:
Dungeon (5/15)             Temple (1/1) D:4

Altars:
Ashenzari
Fedhas
Gozag
Hepliaklqana
Kikubaaqudgha
Makhleb
Nemelex Xobeh
Okawaru
Qazlal
Trog
Uskayaw
Vehumet
Xom
Yredelemnul
Beogh


Innate Abilities, Weirdness & Mutations

Your life essence is reduced to manifest your ancestor. (-10% HP)
You are immune to poison.
Your flesh is cold resistant. (rC+)
You are immune to negative energy. (rN+++)
You are immune to unholy pain and torment.
You are vulnerable to heat. (rF-)
You are in touch with the powers of death.
You do not drink.
You have a special connection with the divine. (Faith)


Message History

Throw: 3 darts (poison)
Press: ? - help, Q - select action, (/) - cycle Shift-Dir - straight line, f/p - howler monkey
Aim: a howler monkey (catching its breath, ally target, 52% to hit)
You throw a poisoned dart. Copeq Gat avoids your attack.
The poisoned dart closely misses the howler monkey.
The howler monkey hits Copeq Gat.
Copeq Gat closely misses the howler monkey.
Throw: 2 darts (poison)
Press: ? - help, Q - select action, (/) - cycle Shift-Dir - straight line, f/p - howler monkey
Aim: a howler monkey (ally target, 52% to hit)
You throw a poisoned dart. Copeq Gat avoids your attack.
The poisoned dart hits the howler monkey.
The howler monkey is poisoned.
The howler monkey hits Copeq Gat but does no damage.
Throw: dart (poison)
Press: ? - help, Q - select action, (/) - cycle Shift-Dir - straight line, f/p - howler monkey
Aim: a howler monkey (poisoned, ally target, 52% to hit)
You throw a poisoned dart. Copeq Gat avoids your attack.
The poisoned dart hits the howler monkey.
The howler monkey looks even sicker.
The howler monkey hoots and howls with incredible vigour!
Copeq Gat closely misses the howler monkey.
Copeq Gat blocks the howler monkey's attack.
You hear a shout!
Copeq Gat hits the howler monkey with a +0 flail!
The howler monkey hits Copeq Gat but does no damage.
Copeq Gat blocks the howler monkey's attack.
Copeq Gat closely misses the howler monkey.
The howler monkey hits Copeq Gat but does no damage.
Copeq Gat blocks the howler monkey's attack.
Copeq Gat hits the howler monkey with a +0 flail!
The howler monkey dies!
A centaur comes into view. It is wielding a +3 sling.
The centaur shoots a sling bullet.
The sling bullet hits you!
* * * LOW HITPOINT WARNING * * *
The centaur shoots a sling bullet.
The sling bullet hits you!
* * * LOW HITPOINT WARNING * * *
The centaur shoots a sling bullet.
The sling bullet hits you.
You die...
Hepliaklqana delivers you to your ancestors.

...........#### ..........).$.#
##.........=# ###..........# ###
.........).#### #.. ...
...........# ##########.# ..#
..........g# #.......##.# ....
...........# #.......##.# ....
...........###.@.....##.###..
.....................'c..♣.♣♣...
............)........##♣.....♣#
...........)R.....).#...♣......
..........(......<..♣♣..♣♣.♣.♣.
...............#####♣.♣♣...♣♣..
.......(......# ♣...._....♣
.................# #♣.♣♣...♣♣..
......######.....# #.♣.♣♣♣.♣..♣


You could see the friendly Copeq Gat the knight and a centaur (ally target).

Vanquished Creatures
  Sigmund (D:4)
  A phantom (D:4)
  A scorpion (D:4)
  A bullfrog zombie (D:5)
  A centaur zombie (D:5)
  2 hounds
  Jessica (D:3)
  A hound zombie (D:5)
  3 gnolls
  4 adders
  5 dart slugs
  7 orcs
  14 ball pythons
  10 bats
  13 endoplasms
  4 giant cockroaches
  8 goblins
  3 hobgoblins
  A jackal (D:5)
  7 kobolds
  3 frilled lizards
  7 rats
98 creatures vanquished.

Vanquished Creatures (collateral kills)
  Grinder (D:5)
  An ogre (D:4)
  A phantom (D:5)
  A bullfrog (D:5)
  A howler monkey (D:5)
  A hound (D:4)
  A bullfrog zombie (D:5)
  A jelly (D:4)
  A gnoll bouda (D:5)
  An iguana (D:5)
  2 hound zombies (D:5)
  2 gnolls (D:5)
  A goblin (D:4)
  2 jackals (D:5)
17 creatures vanquished.

Vanquished Creatures (others)
  2 knights
2 creatures vanquished.

Grand Total: 117 creatures vanquished

Notes
Turn   | Place    | Note
-------+----------+-------------------------------------------
     0 | D:1      | Monkooky the Mummy Fighter began the quest for the Orb.
     0 | D:1      | Reached XP level 1. HP: 18/18 MP: 1/1
   127 | D:1      | Reached XP level 2. HP: 24/24 MP: 2/2
   274 | D:1      | Reached XP level 3. HP: 25/29 MP: 3/3
  1114 | D:2      | Reached XP level 4. HP: 35/35 MP: 4/4
  1860 | D:3      | Reached XP level 5. HP: 39/41 MP: 5/5
  2061 | D:3      | Found a roughly hewn altar of Beogh.
  2129 | D:3      | Found a faded altar of an unknown god.
  2150 | D:3      | Noticed Jessica
  2164 | D:3      | Killed Jessica
  2188 | D:3      | Prayed at the altar of an unknown god.
  2188 | D:3      | Became a worshipper of Hepliaklqana the Forgotten
  2188 | D:3      | Reached * piety under Hepliaklqana
  2586 | D:4      | Found a burning altar of Makhleb.
  2588 | D:4      | Found a hide-covered altar of Uskayaw.
  2628 | D:4      | Reached skill level 5 in Maces & Flails
  2662 | D:4      | Noticed a phantom
  2667 | D:4      | Reached XP level 6. HP: 38/42 MP: 6/6
  2870 | D:4      | Noticed Sigmund
  2882 | D:4      | Killed Sigmund
  2883 | D:4      | Reached XP level 7. HP: 34/46 MP: 7/7
  3023 | D:4      | Reached ** piety under Hepliaklqana
  3024 | D:4      | Remembered your ancestor Copeq Gat as a knight
  3375 | D:4      | Found a staircase to the Ecumenical Temple.
  3392 | Temple   | Entered the Ecumenical Temple
  3734 | D:5      | Entered Level 5 of the Dungeon
  3741 | D:5      | Reached skill level 4 in Fighting
  3946 | D:5      | Reached skill level 5 in Fighting
  3993 | D:5      | Found a basalt altar of Yredelemnul.
  4088 | D:5      | Noticed Grinder
  4104 | D:5      | Killed Grinder
  4105 | D:5      | Reached skill level 6 in Fighting
  4105 | D:5      | Reached XP level 8. HP: 42/58 MP: 8/8
  4188 | D:5      | Reached skill level 1 in Invocations
  4366 | D:4      | Reached skill level 7 in Fighting
  4494 | D:5      | Shot with a sling bullet by a centaur

Illustrated notes

Levels and vault maps discovered:
D:1:      shiori_shiawase, layout_basic, serial_forest,
          infiniplex_forest_lined_room_2, infiniplex_forest_clump_long,
          infiniplex_forest_lined_2, infiniplex_forest_lined_room_2,
          infiniplex_forest_clump_double, infiniplex_forest_clump_large,
          infiniplex_forest_clump_medium, infiniplex_forest_lined_3,
          minmay_pentomino_x2
D:2:      layout_basic, interstate_on_off, minmay_shallow_snake_nest
D:3:      layout_rooms, hellmonk_ecumenical_altar_defaced_shrine,
          grunt_ministairs_3, nicolae_eternal_life, hangedman_glass_teeth,
          minmay_misc_feat_diagonals, uniq_jessica
D:4:      layout_basic, chequers_temple_overflow_statue_of_worship,
          minmay_temple_entry_mini_moons, uniq_sigmund
D:5:      layout_basic, nicolae_yredelemnul_corpse_copse, uniq_grinder
Temple:   nicolae_temple_bog_church

Skill      XL: |  1  2  3  4  5  6  7  8 |
---------------+-------------------------+-----
Maces & Flails | 2 3 4 5 6 |  6.6
Fighting       | 6 7 |  7.2
Invocations    | 1 |  1.0
Armour         | |  2.4
Shields        | |  2.4

Action                     |  1- 3 |  4- 6 |  7- 9 || total
---------------------------+-------+-------+-------++-------
  Melee: Flail             |    94 |   164 |   117 ||   375
  Throw: Dart              |       |       |    14 ||    14
 Invoke: Ancestor Identity |       |     1 |       ||     1
         Recall Ancestor   |       |       |     2 ||     2
         Ancestor Life: Kn |       |       |     1 ||     1
    Use: Scroll            |       |     4 |       ||     4
   Stab: Distracted        |       |       |     2 ||     2
 Armour: Scale mail        |    67 |   121 |   106 ||   294
  Dodge: Dodged            |    46 |    66 |    67 ||   179
  Block: Buckler           |    22 |    33 |    28 ||    83

Table legend: (Time is in decaauts)
 A = Elapsed time spent in this place.
 B = Non-inter-level travel time spent in this place.
 C = Inter-level travel time spent in this place.
 D = Time resting spent in this place.
 E = Time spent auto-exploring this place.
 F = Levels seen in this place.
 G = Mean time per level.
                   A        B        C        D        E       F      G
               +--------+--------+--------+--------+--------+-----+--------+
         Total |   4573 |   4488 |     85 |    372 |   3160 |   6 |  762.2 |
       Dungeon |   4551 |   4466 |     85 |    372 |   3140 |   5 |  910.2 |
        Temple |     21 |     21 |      0 |      0 |     20 |   1 |   21.0 |
               +--------+--------+--------+--------+--------+-----+--------+

Top non-repeatable levels by time:
     D:4: 1343 daAuts
     D:1: 946 daAuts
     D:2: 861 daAuts
     D:3: 832 daAuts
     D:5: 567 daAuts
  Temple: 21 daAuts
